 Dungeon Crawl Stone Soup version 0.14.1 (webtiles) character file.

80969 4tharraofdagon the Eclecticist (level 15, 0/72 HPs)
             Began as a Deep Elf Fire Elementalist on Apr 30, 2014.
             Was the Champion of Vehumet.
             Slain by a red wasp (9 damage)
             ... on Level 1 of the Swamp.
             The game lasted 02:30:11 (9618 turns).

4tharraofdagon the Eclecticist (DEFE)               Turns: 9618, Time: 02:30:11

HP   0/72        AC 13     Str  8      XL: 15   Next: 24%
MP  16/42        EV 11     Int 28      God: Vehumet [******]
Gold 248         SH  0     Dex 15      Spells:  9 memorised, 20 levels left

rFire  . . .     SeeInvis .     C - staff of conjuration
rCold  . . .     Clarity  +     a - +1 troll leather armour
rNeg   + . .     Conserve .     (no shield)
rPois  .         rCorr    .     (helmet restricted)
rElec  .         rRot     .     m - +0 cloak
SustAb . .       Spirit   .     g - -1 pair of gloves of Khaef {Int+3}
rMut   .         Warding  +     E - +0 pair of boots
Saprov . . .     Stasis   .     f - amulet of the Amoeba {Ward Str+3 Stlth}
MR     +....                    (no ring)
                                e - +6 ring of protection

@: lethally poisoned, very slightly contaminated, slowed, drained, very slow,
somewhat resistant to hostile enchantments, quite stealthy
A: claws 1, horns 1, camouflage 1, clarity, dopey 1
a: Renounce Religion


You were on level 1 of the Swamp.
You worshipped Vehumet.
Vehumet was exalted by your worship.
You were not hungry.

You visited 5 branches of the dungeon, and saw 27 of its levels.
You also visited: Volcano.

You collected 2028 gold pieces.
You spent 1780 gold pieces at shops.

Inventory:

Hand weapons
 y - the +0 blowgun "Elf's Doom" {evade, rF+ rN+ Int-3}
   (You found it on level 7 of the Dungeon)

   It affects your evasion (+5 to EV).
   It affects your intelligence (-3).
   It protects you from fire.
   It protects you from negative energy.
Armour
 a - a +1 troll leather armour (worn)
 g - the -1 pair of gloves of Khaef (worn) {Int+3}
   (You found it on level 6 of the Dungeon)

   It affects your intelligence (+3).
 m - a +0 cloak (worn)
 E - a +0 pair of boots (worn)
Magical devices
 d - a wand of cold (1)
 l - a wand of heal wounds (9)
 s - a wand of disintegration (15)
 u - a wand of digging (17)
 z - a wand of draining (3)
Comestibles
 c - 5 bread rations
 p - 5 meat rations
Scrolls
 b - a scroll of amnesia
 j - a scroll of blinking
 q - 8 scrolls of teleportation
 v - a scroll of fog
Jewellery
 e - a +6 ring of protection (left hand)
 f - the amulet of the Amoeba (around neck) {Ward Str+3 Stlth}
   (You bought it in a shop on level 3 of the Elven Halls)

   [amulet of warding]

   It affects your strength (+3).
   It makes you more stealthy.
 k - an uncursed ring of wizardry
 n - an uncursed ring of teleport control
 t - a +5 ring of protection
 x - an uncursed amulet of warding {unknown}
 F - an uncursed ring of teleportation
Potions
 h - 2 potions of agility {unknown}
 r - 2 potions of restore abilities
 A - 2 potions of brilliance
 B - 2 potions of porridge
 I - 3 potions of curing
Books
 i - a book of Conjurations

   Spells                             Type                      Level
   Magic Dart                         Conjuration                  1
   Searing Ray                        Conjuration                  2
   Dazzling Spray                     Conjuration/Hexes            3
   Fulminant Prism                    Conjuration/Hexes            4
   Iskenderun's Mystic Blast          Conjuration                  4
   *Iskenderun's Battlesphere         Conjuration/Charms           5
 G - the Incunabulum of Noxious Moulding
   (You found it on level 3 of the Elven Halls)

   Spells                             Type                      Level
   *Cure Poison                       Poison                       2
   Stoneskin                          Transmutation/Earth          2
   Poison Weapon                      Charms/Poison                3
   Passwall                           Transmutation/Earth          3
   Olgreb's Toxic Radiance            Poison                       4
   Statue Form                        Transmutation/Earth          6
 H - a book of Wizardry

   Spells                             Type                      Level
   Summon Elemental                   Summoning                    4
   Agony                              Necromancy                   5
   Force Lance                        Conjuration                  5
   Haste                              Charms                       6
   Invisibility                       Hexes                        6
   Spellforged Servitor               Conjuration/Summoning        7
 K - Cigotuvi's Reference Book on Unholy Arts
   (You found it on level 3 of the Elven Halls)

   Spells                             Type                      Level
   *Animate Skeleton                  Necromancy                   1
   Pain                               Necromancy                   1
   Lethal Infusion                    Charms/Necromancy            2
   Animate Dead                       Necromancy                   4
Magical staves
 C - an uncursed staff of conjuration (weapon)
 L - an uncursed staff of wizardry
Miscellaneous
 o - an ornate deck of changes {the Potion}


   Skills:
 - Level 2.4(2.3) Dodging
 - Level 2.4(2.3) Stealth
 + Level 20.6(20.5) Spellcasting
 * Level 15.7(15.6) Conjurations
 * Level 16.0(15.9) Fire Magic
 * Level 2.6(2.5) Evocations


You had 20 spell levels left.
You knew the following spells:

 Your Spells              Type           Power        Failure   Level  Hunger
a - Poisonous Cloud       Conj/Pois/Air  ######....   8%          6    None
b - Conjure Flame         Conj/Fire      ########     0%          3    None
c - Sticky Flame          Conj/Fire      ########     1%          4    None
d - Fireball              Conj/Fire      ########..   1%          5    None
e - Delayed Fireball      Conj/Fire      N/A          1%          7    ####...
f - Orb of Destruction    Conj           ########..   1%          7    ####...
g - Iskenderun's Battles  Conj/Chrm      #######.     1%          5    None
h - Cure Poison           Pois           ####......   1%          2    None
i - Animate Skeleton      Necr           N/A          1%          1    None


Dungeon Overview and Level Annotations

Branches:
Dungeon (11/15)            Temple (0/1) D:7             Orc (4/4) D:10
    Elf (3/3) Orc:3          Lair (8/8) D:9           Swamp (1/5) Lair:4
 Spider (0/5) Lair:4        Slime (0/6) Lair:7

Altars:
Cheibriados
Dithmenos
Kikubaaqudgha
Trog
Vehumet

Shops:
D:5 !   D:11 :*%   Orc:4 (*=[   Elf:3 =

Annotations:
D:4 4tharraofdagon's ghost, experienced GrMo
D:9 PEARL???
D:10 ORC
Elf:3 WARD+CONS!
Lair:2 exclusion: upstairs
Lair:7 exclusion: oklob plant
Swamp:1 namelastname112's ghost, powerful DrBe


Innate Abilities, Weirdness & Mutations

You have sharp fingernails.
You have a pair of small horns on your head.
Your skin changes colour to match your surroundings (Stlth).
You possess an exceptional clarity of mind.
You are dopey. (Int -2)


Message History

Casting: Fireball
Confirm with . or Enter, or press ? or * to list all spells.
Aiming: Sticky Flame
Press: ? - help, Shift-Dir - straight line, f/p - red wasp
Aim: a red wasp (almost dead, covered in liquid flames)
Okay, then.
Drink which item? (? for menu, Esc to quit)
Okay, then.
Casting: Sticky Flame
Confirm with . or Enter, or press ? or * to list all spells.
Okay, then.
Casting: Sticky Flame
Confirm with . or Enter, or press ? or * to list all spells.
You are no longer poisoned.
The red wasp burns!
The red wasp stings you.
* * * LOW HITPOINT WARNING * * *
You are poisoned.
You feel as though you will be slow longer.
The red wasp stings you!
You die...

♣♣♣ ♣♣♣
♣♣♣♣♣♣♣.♣♣♣♣♣♣♣♣.♣♣♣♣
.§...%..%........≈.≈≈♣
.≈≈≈≈≈...♣≈.≈≈..≈≈.≈≈♣
.≈§≈≈≈....≈.≈..≈.§.≈.♣
≈≈♣.≈≈.≈≈.≈.≈)...>.≈.♣
≈♣..≈≈≈≈≈........≈.≈.♣
......≈≈≈.♣≈..♣≈.≈≈≈.♣
≈≈≈≈♣.....≈≈.♣≈≈@♣≈≈.♣
≈≈.≈≈≈...≈≈≈≈§§.y≈≈≈§♣
.≈.§≈.≈......≈≈§§≈≈♣≈♣
≈≈≈≈.≈≈.≈≈.≈≈§§§§§...♣
≈.≈..≈...≈.≈≈.§.w§.≈.♣
≈≈≈≈≈≈≈♣.♣.≈..≈≈≈.(≈.♣
..≈≈♣♣♣≈≈≈≈.v≈.≈§.≈.♣
... ♣.≈≈≈.≈≈v...≈≈♣ ≈≈
♣.§≈≈...v...≈.♣


You could see a red wasp (burning).

Vanquished Creatures
  2 deep elf blademasters (Elf:3)
  2 deep elf master archers (Elf:3)
  2 deep elf sorcerers (Elf:3)
  7 deep elf demonologists (Elf:3)
  A reaper (Elf:3)
  A deep elf annihilator (Elf:3)
  4 deep elf death magi (Elf:3)
  2 deep elf high priests (Elf:3)
  Fannar (Orc:3)
  2 hydras
  6 death yaks
  3 orc high priests (Orc:4)
  2 spectral elves (Elf:3)
  2 alligators (Swamp:1)
  Nergalle (Orc:4)
  2 catoblepae
  3 deep elf knights (Elf:3)
  2 deep elf summoners (Elf:3)
  4 orc knights (Orc:4)
  Joseph (Orc:3)
  3 hill giants
  3 orc sorcerers (Orc:4)
  A red wasp (Swamp:1)
  4 deep elf conjurers (Elf:3)
  3 griffons
  A sixfirhy (Elf:3)
  3 black mambas
  A small abomination (Elf:3)
  17 spiny frogs
  A gargoyle (D:10)
  2 komodo dragons
  2 trolls
  A deep elf priest (Elf:1)
  A giant firefly (Swamp:1)
  A wandering mushroom (D:9)
  3 ravens (Swamp:1)
  2 two-headed ogres
  Prince Ribbit (D:8)
  4 baby alligators (Swamp:1)
  23 blink frogs
  A polar bear (Lair:8)
  6 giant leeches (Lair:8)
  7 deep elf magi
  5 slime creatures (Swamp:1)
  5 redbacks (Lair:8)
  3 trapdoor spiders (Lair:4)
  A fire bat (Volcano)
  2 hippogriffs (Lair:1)
  A spriggan (Swamp:1)
  An elephant slug (Lair:8)
  Grum (D:9)
  25 yaks
  8 vampire mosquitoes (Lair:8)
  A shadow (D:7)
  A warg (Orc:4)
  10 deep elf fighters
  4 swamp worms
  17 orc warriors
  11 wolves
  6 porcupines
  15 water moccasins
  2 ice beasts
  A giant goldfish (Lair:8)
  A phantom (D:9)
  2 black bears
  A boring beetle (Lair:7)
  7 ogres
  10 centaurs (D:11)
  12 crocodiles
  4 giant slugs
  19 giant frogs
  A lava worm (Volcano)
  A yak zombie (D:10)
  4 killer bees (D:9)
  A wight (D:7)
  A vampire bat (Orc:2)
  A yak skeleton (D:11)
  6 electric eels
  A goliath beetle (D:6)
  6 hounds
  A crimson imp (D:9)
  21 orc priests
  3 big fish
  A giant frog skeleton (D:10)
  5 iguanas
  8 worker ants
  A centaur skeleton (D:10)
  A quasit (D:9)
  21 orc wizards
  7 sheep (Lair:2)
  An ogre skeleton (D:7)
  A worker ant zombie (D:6)
  42 green rats
  15 adders
  A shadow imp (D:5)
  A giant mite (D:9)
  4 worms
  5 giant geckos
  135 orcs
  A ball python (D:5)
  4 giant cockroaches
  7 goblins
  10 hobgoblins
  5 kobolds
  7 quokkas
  12 bats
  3 giant newts
  A giant spore (D:8)
  A hobgoblin skeleton (D:6)
  21 jackals
  An orc skeleton (D:10)
  An orc zombie (D:7)
  13 rats
  A rat skeleton (D:7)
  4 ballistomycetes (D:8)
  2 fungi
  2 plants (Lair:8)
709 creatures vanquished.

Vanquished Creatures (others)
  A giant frog (D:8)
  A jackal (Lair:4)
  A quokka (Lair:4)
  6 plants
9 creatures vanquished.

Grand Total: 718 creatures vanquished

Notes
Turn   | Place    | Note
--------------------------------------------------------------
     0 | D:1      | 4tharraofdagon, the Deep Elf Fire Elementalist, began the quest for the Orb.
     0 | D:1      | Reached XP level 1. HP: 10/10 MP: 5/5
    73 | D:3      | Reached XP level 2. HP: 15/15 MP: 4/8
   146 | D:3      | Found an ancient bone altar of Kikubaaqudgha.
   221 | D:3      | Reached XP level 3. HP: 7/19 MP: 1/11
   226 | D:3      | Learned a level 3 spell: Conjure Flame
   243 | D:3      | Noticed a hound
   327 | D:3      | Killed a hound
   327 | D:3      | Reached skill level 4 in Fire Magic
   370 | D:4      | Noticed 4tharraofdagon's ghost (experienced GrMo)
   372 | D:5      | Entered Level 5 of the Dungeon
   393 | D:5      | Reached XP level 4. HP: 16/24 MP: 7/14
   402 | D:5      | Learned a level 4 spell: Sticky Flame
   462 | D:5      | FU
   474 | D:5      | Found Hemis' Distillery.
   478 | D:5      | Bought a potion of mutation for 27 gold pieces
   478 | D:5      | Bought a potion of mutation for 27 gold pieces
   479 | D:5      | Gained mutation: You have sharp fingernails. [potion of mutation]
   479 | D:5      | Gained mutation: Your skin changes colour to match your surroundings (Stlth). [potion of mutation]
   479 | D:5      | Gained mutation: Your system is resistant to poisons. [potion of mutation]
   480 | D:5      | Gained mutation: You are dopey. (Int -2) [potion of mutation]
   480 | D:5      | Gained mutation: You have a pair of small horns on your head. [potion of mutation]
   606 | D:6      | Got a pair of distressingly furry gloves
   610 | D:6      | Identified the cursed -1 pair of gloves of Khaef {Int+3} (You found it on level 6 of the Dungeon)
   668 | D:6      | Found a radiant altar of Vehumet.
   683 | D:6      | Became a worshipper of Vehumet
   732 | D:6      | Noticed an ogre
   850 | D:6      | Killed an ogre
   850 | D:6      | Reached skill level 5 in Fire Magic
   850 | D:6      | Reached XP level 5. HP: 15/28 MP: 7/18
   987 | D:6      | Found a shadowy altar of Dithmenos.
  1033 | D:7      | Found a staircase to the Ecumenical Temple.
  1054 | D:7      | Noticed a two-headed ogre
  1059 | D:7      | Noticed a hill giant
  1068 | D:7      | Killed a two-headed ogre
  1068 | D:7      | Reached skill level 5 in Conjurations
  1068 | D:7      | Reached XP level 6. HP: 32/32 MP: 11/20
  1075 | D:7      | Noticed a hippogriff
  1075 | D:7      | Killed a hill giant
  1075 | D:7      | Reached skill level 5 in Spellcasting
  1075 | D:7      | Reached skill level 6 in Conjurations
  1075 | D:7      | Reached XP level 7. HP: 36/36 MP: 9/23
  1098 | D:8      | Learned a level 5 spell: Fireball
  1140 | D:8      | Noticed Prince Ribbit
  1208 | D:8      | Killed Prince Ribbit
  1208 | D:8      | Reached skill level 7 in Fire Magic
  1208 | D:8      | Reached XP level 8. HP: 41/41 MP: 12/25
  1538 | D:9      | Acquired Vehumet's first power
  1538 | D:9      | Offered knowledge of Sting by Vehumet.
  1552 | D:7      | Noticed an orc warrior
  1572 | D:7      | Reached skill level 8 in Spellcasting
  1615 | D:7      | Got a faintly glowing blowgun
  1704 | D:7      | Noticed a shadow
  1721 | D:7      | Killed a shadow
  1721 | D:7      | Reached skill level 9 in Spellcasting
  1820 | D:9      | Noticed a hill giant
  1854 | D:8      | Reached XP level 9. HP: 16/45 MP: 23/29
  1983 | D:10     | Entered Level 10 of the Dungeon
  1986 | D:10     | Offered knowledge of Searing Ray by Vehumet.
  1988 | D:10     | Reached skill level 10 in Spellcasting
  2058 | D:10     | Noticed a hill giant
  2101 | D:10     | Identified the cursed +0 blowgun "Elf's Doom" {evade, rF+ rN+ Int-3} (You found it on level 7 of the Dungeon)
  2116 | D:10     | Killed a hill giant
  2178 | D:11     | Noticed a harpy
  2187 | D:11     | Found Shaeqaak's Food Shoppe.
  2208 | D:11     | Noticed a gargoyle
  2209 | D:11     | ...
  2249 | D:11     | Noticed a hill giant
  2259 | D:11     | Found Athy's General Store.
  2275 | D:11     | Reached skill level 11 in Spellcasting
  2289 | D:11     | Found Efforgh's Book Shoppe.
  2297 | D:11     | :(
  2343 | D:11     | Reached XP level 10. HP: 30/50 MP: 6/32
  2408 | D:10     | Reached skill level 12 in Spellcasting
  2551 | D:9      | Offered knowledge of Stone Arrow by Vehumet.
  2556 | D:9      | Found a staircase to the Lair.
  2556 | D:9      | Noticed a wandering mushroom
  2572 | D:9      | Killed a wandering mushroom
  2591 | Lair:1   | Entered Level 1 of the Lair of Beasts
  2697 | Lair:1   | Reached skill level 13 in Spellcasting
  2711 | Lair:1   | Acquired Vehumet's second power
  2719 | Lair:1   | Reached skill level 10 in Fire Magic
  2817 | Lair:1   | Reached skill level 10 in Conjurations
  2855 | Lair:1   | Offered knowledge of Airstrike by Vehumet.
  2892 | Lair:1   | Learned a level 5 spell: Venom Bolt
  2900 | Lair:1   | Learned a level 7 spell: Orb of Destruction
  3014 | Lair:1   | Reached skill level 14 in Spellcasting
  3121 | Lair:2   | Reached XP level 11. HP: 45/54 MP: 18/35
  3173 | Lair:2   | Acquired Vehumet's third power
  3255 | Lair:4   | Noticed a catoblepas
  3300 | Lair:4   | Offered knowledge of Lightning Bolt by Vehumet.
  3329 | Lair:4   | Found a staircase to the Swamp.
  3586 | Lair:8   | Entered Level 8 of the Lair of Beasts
  3619 | Lair:8   | Reached skill level 15 in Spellcasting
  3689 | Lair:7   | Noticed a death yak
  3818 | Lair:7   | Noticed a death yak
  3825 | Lair:7   | Noticed a death yak
  3826 | Lair:7   | Noticed a death yak
  3826 | Lair:7   | Killed a death yak
  3828 | Lair:7   | Noticed a death yak
  3829 | Lair:7   | Killed a death yak
  3834 | Lair:7   | Found a staircase to the Slime Pits.
  3841 | Lair:7   | Killed a death yak
  3841 | Lair:7   | Reached skill level 16 in Spellcasting
  3842 | Lair:7   | Killed a death yak
  3859 | Lair:7   | Killed a death yak
  3859 | Lair:7   | Reached XP level 12. HP: 36/59 MP: 7/37
  4096 | Lair:8   | Offered knowledge of Iskenderun's Battlesphere by Vehumet.
  4155 | Lair:7   | Learned a level 5 spell: Iskenderun's Battlesphere
  4324 | Lair:8   | Reached skill level 17 in Spellcasting
  4692 | Lair:8   | Noticed a death yak
  4701 | Lair:8   | Noticed a catoblepas
  4720 | Lair:8   | Killed a death yak
  4745 | Lair:8   | Killed a catoblepas
  4791 | Lair:8   | Reached skill level 18 in Spellcasting
  5096 | Lair:8   | Noticed a six-headed hydra
  5120 | Lair:8   | Killed a six-headed hydra
  5120 | Lair:8   | Reached XP level 13. HP: 45/63 MP: 14/39
  5247 | Lair:8   | Got an iridescent crossbow
  5250 | Lair:8   | Got a dazzling falchion
  5252 | Lair:8   | Identified the cursed +6,+4 crossbow "Ophut" {elec, +Inv} (You found it on level 8 of the Lair of Beasts)
  5392 | Lair:6   | Offered knowledge of Bolt of Draining by Vehumet.
  5514 | Lair:6   | Noticed a seven-headed hydra
  5523 | Lair:6   | Killed a seven-headed hydra
  5792 | Lair:4   | Killed a catoblepas
  5792 | Lair:4   | Reached skill level 19 in Spellcasting
  5870 | Lair:4   | Found a hole to the Spider Nest.
  6217 | D:9      | Killed a hill giant
  6238 | D:9      | Noticed Grum
  6242 | D:9      | Killed Grum
  6285 | D:9      | Found a snail-covered altar of Cheibriados.
  6337 | D:10     | Noticed a gargoyle
  6339 | D:10     | Killed a gargoyle
  6451 | D:10     | Found a staircase to the Orcish Mines.
  6462 | D:10     | why am i underleveled
  6463 | Orc:1    | Entered Level 1 of the Orcish Mines
  6494 | Orc:1    | Offered knowledge of Poisonous Cloud by Vehumet.
  6514 | Orc:1    | Learned a level 6 spell: Poisonous Cloud
  6640 | Orc:1    | Found a dark tunnel.
  6658 | Volcano  | Entered a volcano
  6953 | Orc:2    | Found a bloodstained altar of Trog.
  7038 | Orc:3    | Noticed Fannar
  7053 | Orc:3    | Killed Fannar
  7058 | Orc:3    | Noticed Joseph
  7058 | Orc:3    | hurray...
  7061 | Orc:3    | Killed Joseph
  7204 | Orc:4    | Entered Level 4 of the Orcish Mines
  7291 | Orc:3    | Offered knowledge of Delayed Fireball by Vehumet.
  7302 | Orc:3    | Learned a level 7 spell: Delayed Fireball
  7309 | Orc:3    | Found a staircase to the Elven Halls.
  7470 | Orc:4    | Noticed Nergalle
  7480 | Orc:4    | Killed Nergalle
  7602 | Orc:4    | yuppi
  7676 | Orc:4    | Reached XP level 14. HP: 56/68 MP: 10/41
  7758 | Orc:4    | Found Osabrom's Antique Weapon Shoppe.
  7760 | Orc:4    | Found Vengunno's Antique Armour Boutique.
  7761 | Orc:4    | Found Friuf's General Store.
  7762 | Orc:4    | Found Wuhaux's Jewellery Boutique.
  7775 | Orc:4    | Bought an uncursed ring of wizardry for 420 gold pieces
  7877 | Elf:1    | Entered Level 1 of the Elven Halls
  7990 | Elf:3    | Entered Level 3 of the Elven Halls
  8038 | Elf:3    | Offered knowledge of Poison Arrow by Vehumet.
  8097 | Elf:3    | Found Igalil's Jewellery Boutique.
  8106 | Elf:3    | Bought a cursed ring of hunger for 40 gold pieces
  8345 | Elf:3    | Noticed a deep elf sorcerer
  8350 | Elf:3    | Reached skill level 20 in Spellcasting
  8352 | Elf:3    | Killed a deep elf sorcerer
  8547 | Elf:3    | Reached skill level 15 in Fire Magic
  8550 | Elf:3    | Noticed a deep elf blademaster
  8570 | Elf:3    | Killed a deep elf blademaster
  8570 | Elf:3    | Reached skill level 15 in Conjurations
  8765 | Elf:3    | SLURPING NOISE?WTF
  8810 | Elf:3    | Noticed a deep elf master archer
  8810 | Elf:3    | Killed a deep elf master archer
  8829 | Elf:3    | Got a crude tin amulet
  8832 | Elf:3    | Identified the Incunabulum of Noxious Moulding (You found it on level 3 of the Elven Halls)
  8844 | Elf:3    | Learned a level 2 spell: Cure Poison
  8895 | Elf:3    | Noticed a deep elf sorcerer
  8900 | Elf:3    | Noticed a deep elf blademaster
  8901 | Elf:3    | Noticed a deep elf master archer
  8901 | Elf:3    | Killed a deep elf blademaster
  8903 | Elf:3    | Killed a deep elf sorcerer
  8903 | Elf:3    | Killed a deep elf master archer
  8903 | Elf:3    | Reached XP level 15. HP: 72/72 MP: 30/42
  8956 | Elf:3    | Identified Cigotuvi's Reference Book on Unholy Arts (You found it on level 3 of the Elven Halls)
  8961 | Elf:3    | Got a crystal quarterstaff
  8965 | Elf:3    | Identified the amulet "Khogg" {Inacc rC+ Dex+3} (You found it on level 3 of the Elven Halls)
  8988 | Elf:3    | Identified the +1,+4 quarterstaff of Jamy Moq {freeze, rC+} (You found it on level 3 of the Elven Halls)
  9030 | Elf:3    | Bought the amulet of the Amoeba {Ward Str+3 Stlth} for 566 gold pieces
  9033 | Elf:3    | Lost mutation: Your system is resistant to poisons. [potion of mutation]
  9033 | Elf:3    | Gained mutation: You possess an exceptional clarity of mind. [potion of mutation]
  9186 | Orc:4    | Bought an uncursed ring of teleport control for 700 gold pieces
  9445 | Swamp:1  | Entered Level 1 of the Swamp
  9455 | Swamp:1  | Reached skill level 1 in Evocations
  9469 | Swamp:1  | Noticed namelastname112's ghost (powerful DrBe)
  9599 | Swamp:1  | Learned a level 1 spell: Animate Skeleton
  9614 | Swamp:1  | Paralysed by a red wasp for 1 turns
  9618 | Swamp:1  | Slain by a red wasp

Action                   |  1- 3 |  4- 6 |  7- 9 | 10-12 | 13-15 || total
-------------------------+-------+-------+-------+-------+-------++-------
Melee: Unarmed           |     4 |       |       |       |       ||     4
       Flail             |       |    26 |    42 |    13 |       ||    81
       Quarterstaff      |       |       |    34 |    54 |    18 ||   106
       Blowgun           |       |       |       |     5 |       ||     5
       Staff             |       |       |       |       |   148 ||   148
Throw: Throwing net      |       |       |       |     1 |       ||     1
 Cast: Flame Tongue      |    32 |    36 |    52 |    82 |    16 ||   218
       Conjure Flame     |     1 |     6 |     7 |    24 |    10 ||    48
       Sticky Flame      |       |     2 |    21 |    74 |    61 ||   158
       Fireball          |       |       |    16 |    94 |   192 ||   302
       Orb of Destructio |       |       |       |       |    34 ||    34
       Venom Bolt        |       |       |       |       |     2 ||     2
       Delayed Fireball  |       |       |       |       |    12 ||    12
       Poisonous Cloud   |       |       |       |       |     3 ||     3
       Iskenderun's Batt |       |       |       |       |     1 ||     1
       Cure Poison       |       |       |       |       |     1 ||     1
 Abil: Release Delayed F |       |       |       |       |    12 ||    12
       Evoke Teleportati |       |       |       |       |     4 ||     4
       Evoke Teleport Co |       |       |       |       |     3 ||     3
Evoke: Wand              |       |     2 |     3 |     4 |    10 ||    19
  Use: Scroll            |       |     2 |     7 |    13 |    20 ||    42
       Potion            |       |     2 |       |     2 |     4 ||     8
 Stab: Sleeping          |       |       |       |     1 |       ||     1
